3AAA
PORT ROYAL DISASTER @ SALT LAKE CITY BUZZ
08/19/2025
 
TOP OF THE 1ST
Port Royal Disaster batting - Pitching for Salt Lake City Buzz : RHP Ben Hopley
Pitching: RHP Ben Hopley
Batting: RHB Manuel Becerra 0-0: Foul Ball, location: 2F
0-1: Ball
1-1: Ball
2-1: Ball
3-1: Base on Balls
Batting: RHB Martín Méndez 0-0: Ball
1-0: DOUBLE (Flyball, 78XD)
Manuel Becerra to third
Runner from 3rd tries for Home, SAFE, no throw
Batting: LHB Davis Mills 0-0: Ground out U3 (Groundball, 34)
Martín Méndez to third
Batting: RHB Iván Vega 0-0: Called Strike
0-1: Ball
1-1: Ground out 6-3 (Groundball, 6)
Martín Méndez scores
Batting: LHB Chia-ch'ing Dodman 0-0: Ball
1-0: Ball
2-0: Called Strike
2-1: Ball
3-1: Base on Balls
Batting: SHB Arsenio Sameiro 0-0: Called Strike
0-1: Ball
1-1: Ball
2-1: Ball
3-1: Base on Balls
Chia-ch'ing Dodman to second
Batting: RHB Sergio Martínez 0-0: Ball
1-0: SINGLE (Groundball, 34D)
Chia-ch'ing Dodman to third
Arsenio Sameiro to second
Runner from 3rd tries for Home, SAFE, no throw
Batting: RHB David McJannett 0-0: Ball
1-0: Ball
2-0: Called Strike
2-1: Foul Ball, location: 2F
2-2: Foul Ball, location: 2F
2-2: Ball
3-2: Foul Ball, location: 2F
3-2: Base on Balls
Arsenio Sameiro to third
Sergio Martínez to second
Batting: RHB Aurelio García 0-0: Swinging Strike
0-1: Ground out 5-3 (Groundball, 5S)
Top of the 1st over - 3 run(s), 2 hit(s), 0 error(s), 3 left on base; Port Royal 3 - Salt Lake City 0
BOTTOM OF THE 1ST
Salt Lake City Buzz batting - Pitching for Port Royal Disaster : RHP Bryan Boyd
Pitching: RHP Bryan Boyd
Batting: LHB Randy Schlosser 0-0: Reached on error, E5 (Groundball, 5L)
Batting: SHB Carlton Reed 0-0: Ball
1-0: Ball
2-0: Called Strike
2-1: Ground out 6-3 (Groundball, 6S)
Randy Schlosser to second
Batting: SHB Felipe Cisneros 0-0: Called Strike
0-1: Fly out, F9 (Flyball, 9)
Batting: SHB Wayne Saunders 0-0: Ball
1-0: Ball
2-0: Called Strike
2-1: Ball
3-1: Foul Ball, location: 2F
3-2: SINGLE (Groundball, 6MD)
Randy Schlosser to third
Randy Schlosser scores
Batting: RHB Josh Stafford 0-0: Called Strike
0-1: Ball
1-1: 2-RUN HOME RUN (Flyball, 9LD), Distance : 349 ft
Batting: RHB Justin MacPherson 0-0: DOUBLE (Line Drive, 9LM)
Batting: RHB Roger Lakes 0-0: Called Strike
0-1: Called Strike
0-2: Ball
1-2: Ball
2-2: Ball
3-2: Foul Ball, location: 2F
3-2: Strikes out looking
Bottom of the 1st over - 3 run(s), 3 hit(s), 1 error(s), 1 left on base; Port Royal 3 - Salt Lake City 3
TOP OF THE 2ND
Port Royal Disaster batting - Pitching for Salt Lake City Buzz : RHP Ben Hopley
Batting: RHB Manuel Becerra 0-0: Ball
1-0: Ball
2-0: Called Strike
2-1: Ball
3-1: SINGLE (Groundball, 6D)
Batting: RHB Martín Méndez 0-0: Ball
Manuel Becerra steals 2nd base
1-0: Ball
2-0: Fly out, F9 (Flyball, 9)
Throwing error, E9
Manuel Becerra scores
Batting: LHB Davis Mills 0-0: Ball
1-0: Ball
2-0: Called Strike
2-1: Ball
3-1: SINGLE (Line Drive, 9LS)
Batting: RHB Iván Vega 0-0: Ball
1-0: Ball
2-0: Ball
3-0: Called Strike
3-1: Fielders Choice at 2nd, 1-6 (Groundball, 13)
Batting: LHB Chia-ch'ing Dodman 0-0: Ball
1-0: Ball
2-0: Fly out, F8 (Flyball, 8RD)
Top of the 2nd over - 1 run(s), 2 hit(s), 1 error(s), 1 left on base; Port Royal 4 - Salt Lake City 3
BOTTOM OF THE 2ND
Salt Lake City Buzz batting - Pitching for Port Royal Disaster : RHP Bryan Boyd
Batting: RHB Alan Rosales 0-0: Called Strike
0-1: Fly out, F9 (Flyball, 9S)
Batting: RHB Carlos López 0-0: Ball
1-0: Called Strike
1-1: Called Strike
1-2: Ball
2-2: Fly out, F8 (Flyball, 89M)
Batting: LHB Randy Schlosser 0-0: Called Strike
0-1: SINGLE (Groundball, 4MD)
Batting: SHB Carlton Reed 0-0: Called Strike
0-1: Ball
1-1: Ball
2-1: Ball
Randy Schlosser steals 2nd base
3-1: Called Strike
3-2: Ground out U3 (Groundball, 34)
Bottom of the 2nd over - 0 run(s), 1 hit(s), 0 error(s), 1 left on base; Port Royal 4 - Salt Lake City 3
TOP OF THE 3RD
Port Royal Disaster batting - Pitching for Salt Lake City Buzz : RHP Ben Hopley
Batting: SHB Arsenio Sameiro 0-0: Called Strike
0-1: Called Strike
0-2: Ball
1-2: Ground out U3 (Groundball, 34)
Batting: RHB Sergio Martínez 0-0: Ball
1-0: Ball
2-0: Foul Ball, location: 2F
2-1: Swinging Strike
2-2: Ground out 6-3 (Groundball, 56)
Batting: RHB David McJannett 0-0: Ball
1-0: Called Strike
1-1: Fly out, F8 (Flyball, 89M)
Top of the 3rd over - 0 run(s), 0 hit(s), 0 error(s), 0 left on base; Port Royal 4 - Salt Lake City 3
BOTTOM OF THE 3RD
Salt Lake City Buzz batting - Pitching for Port Royal Disaster : RHP Bryan Boyd
Batting: SHB Felipe Cisneros 0-0: Hit by Pitch
Batting: SHB Wayne Saunders 0-0: Called Strike
0-1: Foul Ball, location: 2F
0-2: Ball
1-2: Foul Ball, location: 2F
1-2: Strikes out looking
Batting: RHB Josh Stafford 0-0: Called Strike
0-1: Foul Ball, location: 2F
0-2: Ball
1-2: Grounds into double play, 6-4-3 (Groundball, 6)
Bottom of the 3rd over - 0 run(s), 0 hit(s), 0 error(s), 0 left on base; Port Royal 4 - Salt Lake City 3
TOP OF THE 4TH
Port Royal Disaster batting - Pitching for Salt Lake City Buzz : RHP Ben Hopley
Pitching: RHP Rick Kennedy
Batting: RHB Aurelio García 0-0: Ball
1-0: Swinging Strike
1-1: Called Strike
1-2: Ball
2-2: Ball
3-2: Foul Ball, location: 2F
3-2: Strikes out swinging
Batting: RHB Manuel Becerra 0-0: Ball
1-0: Ball
2-0: Swinging Strike
2-1: Ball
3-1: Swinging Strike
3-2: Fly out, F8 (Flyball, 8LM)
Batting: RHB Martín Méndez 0-0: Ball
1-0: Called Strike
1-1: Swinging Strike
1-2: Ball
2-2: Foul Ball, location: 2F
2-2: Ball
3-2: Base on Balls
Batting: LHB Davis Mills 0-0: Fly out, F8 (Line Drive, 8LD)
Top of the 4th over - 0 run(s), 0 hit(s), 0 error(s), 1 left on base; Port Royal 4 - Salt Lake City 3
BOTTOM OF THE 4TH
Salt Lake City Buzz batting - Pitching for Port Royal Disaster : RHP Bryan Boyd
Batting: RHB Justin MacPherson 0-0: Called Strike
0-1: Called Strike
0-2: Ground out 5-3 (Groundball, 56)
Batting: RHB Roger Lakes 0-0: Ball
1-0: Ball
2-0: Called Strike
2-1: Fly out, F9 (Flyball, 9)
Batting: RHB Alan Rosales 0-0: Swinging Strike
0-1: Hit by Pitch
Batting: RHB Carlos López 0-0: Ball
1-0: Ball
2-0: Foul Ball, location: 2F
2-1: Ball
3-1: Called Strike
3-2: SINGLE (Line Drive, 56D)
Alan Rosales to second
Alan Rosales to third
Batting: LHB Randy Schlosser 0-0: Fly out, F2 (Popup, 23)
Bottom of the 4th over - 0 run(s), 1 hit(s), 0 error(s), 2 left on base; Port Royal 4 - Salt Lake City 3
TOP OF THE 5TH
Port Royal Disaster batting - Pitching for Salt Lake City Buzz : RHP Rick Kennedy
Batting: RHB Iván Vega 0-0: Ground out 5-3 (Groundball, 56)
Batting: LHB Chia-ch'ing Dodman 0-0: Ball
1-0: Ball
2-0: Ball
3-0: Called Strike
3-1: Base on Balls
Batting: SHB Arsenio Sameiro 0-0: Called Strike
0-1: Ball
1-1: Ball
2-1: Foul Ball, location: 2F
2-2: Ball
3-2: Foul Ball, location: 2F
3-2: Base on Balls
Chia-ch'ing Dodman to second
Batting: RHB Sergio Martínez 0-0: Ball
1-0: Called Strike
1-1: Ball
2-1: Ball
3-1: Swinging Strike
3-2: Base on Balls
Chia-ch'ing Dodman to third
Arsenio Sameiro to second
Batting: RHB David McJannett 0-0: Ball
1-0: Ball
2-0: Ball
3-0: Base on Balls
Chia-ch'ing Dodman scores
Arsenio Sameiro to third
Sergio Martínez to second
Batting: RHB Aurelio García 0-0: Ball
1-0: Ball
2-0: Swinging Strike
2-1: Swinging Strike
2-2: Strikes out looking
Batting: RHB Manuel Becerra 0-0: Ball
1-0: Called Strike
1-1: Ball
2-1: Foul Ball, location: 2F
2-2: Foul Ball, location: 2F
2-2: Ball
3-2: Foul Ball, location: 2F
3-2: Foul Ball, location: 2F
3-2: Base on Balls
Arsenio Sameiro scores
Sergio Martínez to third
David McJannett to second
Pitching: LHP Ed Dodd
Batting: RHB Martín Méndez 0-0: Ball
1-0: Ball
2-0: Foul Ball, location: 2F
2-1: Ball
3-1: Base on Balls
Sergio Martínez scores
David McJannett to third
Manuel Becerra to second
Batting: LHB Davis Mills 0-0: Ball
1-0: Ball
2-0: Foul Ball, location: 2F
2-1: Fly out, F9 (Flyball, 9LD)
Top of the 5th over - 3 run(s), 0 hit(s), 0 error(s), 3 left on base; Port Royal 7 - Salt Lake City 3
BOTTOM OF THE 5TH
Salt Lake City Buzz batting - Pitching for Port Royal Disaster : RHP Bryan Boyd
Batting: SHB Carlton Reed 0-0: Called Strike
0-1: Ball
1-1: Foul Ball, location: 2F
1-2: Ball
2-2: Ball
3-2: Fly out, F9 (Flyball, 9S)
Batting: SHB Felipe Cisneros 0-0: Ball
1-0: Foul Ball, location: 2F
1-1: Ball
2-1: Foul Ball, location: 2F
2-2: Ball
3-2: Ground out 4-3 (Groundball, 4MS)
Batting: SHB Wayne Saunders 0-0: Swinging Strike
0-1: Swinging Strike
0-2: Ball
1-2: Foul Ball, location: 2F
1-2: Fly out, F7 (Flyball, 7LS)
Bottom of the 5th over - 0 run(s), 0 hit(s), 0 error(s), 0 left on base; Port Royal 7 - Salt Lake City 3
TOP OF THE 6TH
Port Royal Disaster batting - Pitching for Salt Lake City Buzz : LHP Ed Dodd
Batting: RHB Iván Vega 0-0: Ball
1-0: Called Strike
1-1: Ball
2-1: Ball
3-1: Base on Balls
Batting: LHB Chia-ch'ing Dodman 0-0: Ball
1-0: Called Strike
1-1: Foul Ball, location: 2F
1-2: Ball
Iván Vega steals 2nd base
2-2: Ball
3-2: Intentional Walk
Batting: SHB Arsenio Sameiro 0-0: Ball
1-0: Ball
2-0: Bunt missed!
2-1: Sac Bunt - play at first, batter OUT! 2-4
Iván Vega to third
Chia-ch'ing Dodman to second
Batting: RHB Sergio Martínez 0-0: Called Strike
0-1: Ball
1-1: Ball
2-1: Fly out, F6 (Popup, 6MS)
Batting: RHB David McJannett 0-0: Called Strike
0-1: Ball
1-1: Ball
2-1: Foul Ball, location: 2F
2-2: Fly out, F8 (Line Drive, 78D)
Top of the 6th over - 0 run(s), 0 hit(s), 0 error(s), 2 left on base; Port Royal 7 - Salt Lake City 3
BOTTOM OF THE 6TH
Salt Lake City Buzz batting - Pitching for Port Royal Disaster : RHP Bryan Boyd
Pitching: RHP Roberto Gómez
Batting: RHB Josh Stafford 0-0: Swinging Strike
0-1: Ball
1-1: SINGLE (Line Drive, 9LS)
Batting: RHB Justin MacPherson 0-0: Ball
1-0: Called Strike
1-1: Foul Ball, location: 2F
1-2: SINGLE (Groundball, 3D)
Josh Stafford to second
Runner from 2nd tries for 3rd, OUT!
Justin MacPherson to second
Batting: RHB Roger Lakes 0-0: Ball
1-0: Ball
2-0: Ball
3-0: Called Strike
3-1: Called Strike
3-2: Fly out, F9 (Flyball, 89S)
Batting: RHB Alan Rosales 0-0: Hit by Pitch
Batting: RHB Carlos López 0-0: Ball
1-0: Ball
2-0: Ball
3-0: Swinging Strike
3-1: Called Strike
3-2: Strikes out swinging
Bottom of the 6th over - 0 run(s), 2 hit(s), 0 error(s), 2 left on base; Port Royal 7 - Salt Lake City 3
TOP OF THE 7TH
Port Royal Disaster batting - Pitching for Salt Lake City Buzz : LHP Ed Dodd
Batting: RHB Aurelio García 0-0: Ball
1-0: SINGLE (Flyball, 8LS)
Batting: RHB Manuel Becerra 0-0: Ball
1-0: Sac Bunt - play at first, batter OUT! 1-3
Aurelio García to second
Batting: RHB Martín Méndez 0-0: Intentional Walk
Batting: LHB Davis Mills 0-0: Ball
1-0: Called Strike
Aurelio García is caught stealing 3rd base
Martín Méndez to second
1-1: Foul Ball, location: 2F
1-2: Strikes out swinging
Top of the 7th over - 0 run(s), 1 hit(s), 0 error(s), 1 left on base; Port Royal 7 - Salt Lake City 3
BOTTOM OF THE 7TH
Salt Lake City Buzz batting - Pitching for Port Royal Disaster : RHP Roberto Gómez
Batting: LHB Randy Schlosser 0-0: Foul Ball, location: 2F
0-1: Ball
1-1: Ground out 1-3 (Groundball, 13S)
Batting: SHB Carlton Reed 0-0: Called Strike
0-1: Ball
1-1: Ball
2-1: Foul Ball, location: 2F
2-2: Foul Ball, location: 2F
2-2: Ball
3-2: SINGLE (Groundball, 6MD)
Batting: SHB Felipe Cisneros 0-0: Called Strike
0-1: Ball
1-1: Foul Ball, location: 2F
1-2: Foul Ball, location: 2F
1-2: Ball
2-2: Grounds into double play, 1-6-3 (Groundball, 13S)
Bottom of the 7th over - 0 run(s), 1 hit(s), 0 error(s), 0 left on base; Port Royal 7 - Salt Lake City 3
TOP OF THE 8TH
Port Royal Disaster batting - Pitching for Salt Lake City Buzz : LHP Ed Dodd
Pitching: RHP Caleb Sobieski
Batting: RHB Iván Vega 0-0: Ball
1-0: Fly out, F8 (Line Drive, 78M)
Batting: LHB Chia-ch'ing Dodman 0-0: Ball
1-0: Ball
2-0: Ball
3-0: Called Strike
3-1: Base on Balls
Batting: SHB Arsenio Sameiro 0-0: Called Strike
0-1: Ball
1-1: Swinging Strike
1-2: Fly out, F8 (Flyball, 8RM)
Batting: RHB Sergio Martínez 0-0: Called Strike
0-1: Ball
1-1: Called Strike
1-2: Foul Ball, location: 2F
1-2: Foul Ball, location: 2F
1-2: Ball
2-2: Foul Ball, location: 2F
2-2: Strikes out swinging, 2-3 out at first.
Top of the 8th over - 0 run(s), 0 hit(s), 0 error(s), 1 left on base; Port Royal 7 - Salt Lake City 3
BOTTOM OF THE 8TH
Salt Lake City Buzz batting - Pitching for Port Royal Disaster : RHP Roberto Gómez
Batting: SHB Wayne Saunders 0-0: Ball
1-0: Ball
2-0: Called Strike
2-1: Foul Ball, location: 2F
2-2: Ball
3-2: Strikes out swinging
Batting: RHB Josh Stafford 0-0: Called Strike
0-1: Foul Ball, location: 2F
0-2: Ground out 6-3 (Groundball, 56)
Batting: RHB Justin MacPherson 0-0: Called Strike
0-1: Swinging Strike
0-2: Strikes out swinging
Bottom of the 8th over - 0 run(s), 0 hit(s), 0 error(s), 0 left on base; Port Royal 7 - Salt Lake City 3
TOP OF THE 9TH
Port Royal Disaster batting - Pitching for Salt Lake City Buzz : RHP Caleb Sobieski
Pitching: RHP Jim Unknown
Batting: RHB David McJannett 0-0: Ball
1-0: Foul Ball, location: 2F
1-1: Foul Ball, location: 2F
1-2: Strikes out looking
Batting: RHB Aurelio García 0-0: Foul Ball, location: 2F
0-1: Foul Ball, location: 2F
0-2: Fly out, F7 (Flyball, 7)
Batting: RHB Manuel Becerra 0-0: Called Strike
0-1: Swinging Strike
0-2: Ball
1-2: Strikes out looking
Top of the 9th over - 0 run(s), 0 hit(s), 0 error(s), 0 left on base; Port Royal 7 - Salt Lake City 3
BOTTOM OF THE 9TH
Salt Lake City Buzz batting - Pitching for Port Royal Disaster : RHP Roberto Gómez
Batting: RHB Roger Lakes 0-0: Ball
1-0: Foul Ball, location: 2F
1-1: Foul Ball, location: 2F
1-2: Ground out 1-3 (Groundball, 13S)
Pitching: RHP Esteban García
Batting: RHB Alan Rosales 0-0: Called Strike
0-1: Ball
1-1: Foul Ball, location: 2F
1-2: Ball
2-2: Foul Ball, location: 2F
2-2: Fly out, F6 (Line Drive, 6)
Batting: RHB Carlos López 0-0: Ball
1-0: Foul Ball, location: 2F
1-1: Ball
2-1: Ball
3-1: Foul Ball, location: 2F
3-2: Base on Balls
Batting: LHB Randy Schlosser Pickoff Throw to First - Out!
Bottom of the 9th over - 0 run(s), 0 hit(s), 0 error(s), 0 left on base; Port Royal 7 - Salt Lake City 3
Friday, December 30th, 2016 - OOTP Baseball 17.12 Build 75